AoeStats
← the British dog

MegaRandom

508846949Analyzed
3v3 RM · 7d ago on Sep 24, 2026· 66m 0s· 6 players
Game mode
Random Map
Map size
Normal (6 player)
Population
200
Speed
Normal
Resources
Standard
Victory
Conquest
Starting age
Dark Age
Ending age
Imperial Age
RankedLock teamsTeams togetherTeam positionsShared explorationLock speedFull tech treeHidden civsTurbo modeCheats
Victory
Defeat
🇩🇪 Khmer · Germany
739
+19
🇩🇰 Teutons · Denmark
685
+21
🇩🇪 Khmer · Germany
649
+22
🇿🇦 Slavs · South Africa
841
-22
🇿🇦 Lithuanians · South Africa
792
-21
🇬🇧 Franks · United Kingdom
758
-19
The SeaHawk
1:01 Loom
14:30 Feudal Age
15:09 Double-Bit Axe
19:27 Castle Age
17:32 Horse Collar
22:16 Heavy Plow
24:09 Stone Mining
30:04 Wheelbarrow
29:16 Town Watch
32:24 Stone Shaft Mining
31:42 Gold Mining
34:38 Caravan
35:08 Forging
34:59 Scale Mail Armor
34:52 Fletching
35:52 Hand Cart
37:04 Masonry
37:11 Chain Mail Armor
42:56 Imperial Age
41:06 Ballistics
41:01 Fortified Wall
42:35 Iron Casting
42:00 Bodkin Arrow
42:03 Guard Tower
42:34 Town Patrol
44:21 Conscription
44:22 Elite Teutonic Knight
45:28 Ironclad
45:38 Bow Saw
46:03 Crop Rotation
50:09 Chemistry
50:12 Blast Furnace
49:42 Plate Mail Armor
51:47 Onager
52:05 Pikeman
52:46 Squires
52:33 Arson
54:40 Halberdier
56:27 Siege Engineers
57:02 Keep
56:14 Arrowslits
60:24 Siege Onager
64:30 Bombard Tower
64:17 Padded Archer Armor
65:44 Guilds
Destiny9x
12:16 Feudal Age
13:43 Double-Bit Axe
18:48 Castle Age
17:08 Stone Mining
19:58 Bow Saw
19:31 Horse Collar
22:00 Gold Mining
33:30 Tusk Swords
35:17 Stone Shaft Mining
37:29 Scale Barding Armor
40:27 Imperial Age
39:32 Chain Barding Armor
40:59 Elite Battle Elephant
43:23 Wheelbarrow
43:27 Plate Barding Armor
43:51 Forging
43:43 Scale Mail Armor
45:20 Hand Cart
46:59 Elite Ballista Elephant
55:47 Gold Shaft Mining
57:26 Iron Casting
57:07 Chain Mail Armor
56:33 Onager
56:42 Heavy Scorpion
julian_venom
10:46 Feudal Age
12:20 Wheelbarrow
11:36 Double-Bit Axe
11:39 Horse Collar
22:32 Castle Age
20:32 Gold Mining
20:33 Stone Mining
24:11 Heavy Plow
25:01 Hand Cart
25:14 Bow Saw
27:19 Stone Shaft Mining
27:42 Gold Shaft Mining
27:12 Caravan
29:01 Bloodlines
33:03 Imperial Age
32:33 Scale Barding Armor
32:16 Town Watch
32:17 Loom
34:35 Crop Rotation
34:28 Chain Barding Armor
34:10 Husbandry
34:34 Town Patrol
36:17 Ballistics
36:08 Fortified Wall
35:54 Murder Holes
36:10 Masonry
37:19 Plate Barding Armor
37:13 Siege Engineers
40:29 Architecture
39:38 Heavy Scorpion
43:55 Elite Battle Elephant
46:00 Double Crossbow
46:21 Conscription
46:02 Tusk Swords
the British dog
12:17 Feudal Age
15:02 Double-Bit Axe
16:33 Stone Mining
16:33 Gold Mining
20:36 Castle Age
21:20 Scale Barding Armor
21:30 Forging
21:48 Bow Saw
22:38 Wheelbarrow
25:11 Husbandry
25:35 Chain Barding Armor
25:56 Iron Casting
26:36 Gold Shaft Mining
37:37 Imperial Age
37:43 Caravan
38:19 Coinage
38:58 Plate Barding Armor
40:14 Cavalier
41:47 Elite Throwing Axeman
44:02 Paladin
48:23 Blast Furnace
47:24 Scale Mail Armor
47:25 Padded Archer Armor
47:16 Fletching
Realistic_ZA
13:32 Feudal Age
19:03 Castle Age
19:01 Double-Bit Axe
20:11 Wheelbarrow
19:48 Town Watch
21:44 Bow Saw
21:39 Horse Collar
28:31 Hand Cart
28:02 Loom
31:37 Town Patrol
33:20 Caravan
37:11 Imperial Age
35:08 Hill Forts
35:44 Coinage
37:50 Gold Mining
38:18 Husbandry
40:14 Scale Barding Armor
40:10 Scale Mail Armor
39:58 Elite Leitis
41:07 Conscription
41:41 Chain Barding Armor
41:33 Forging
43:10 Plate Barding Armor
43:13 Iron Casting
42:56 Guilds
44:05 Bloodlines
43:59 Squires
43:45 Arson
44:17 Chain Mail Armor
45:01 Ballistics
45:42 Chemistry
44:53 Fortified Wall
44:35 Heated Shot
44:44 Murder Holes
45:39 Capped Ram
45:52 Onager
59:29 Cavalier
63:00 Paladin
Marcus Aurelius
13:41 Feudal Age
17:58 Castle Age
18:09 Castle Age
16:39 Man-at-Arms
19:04 Bloodlines
19:20 Long Swordsman
20:05 Squires
24:47 Horse Collar
26:40 Scale Mail Armor
26:51 Forging
28:29 Gold Mining
33:02 Double-Bit Axe
36:44 Imperial Age
34:42 Chain Mail Armor
35:03 Iron Casting
35:37 Heavy Plow
37:08 Two-Handed Swordsman
38:38 Capped Ram
40:01 Champion
40:41 Siege Ram
52:47 Caravan
55:23 Plate Mail Armor
55:54 Blast Furnace
55:34 Pikeman
59:04 Druzhina
64:29 Light Cavalry
Connection lost

Rejoining the realm…

Still unreachable

The connection could not be restored.

Session expired

The server has moved on; the page needs a fresh start.